 Dungeon Sprint DCSS version 0.27-a0-1529-g1e82c303ef (webtiles) character file.

Game seed: 16581250685546093167

26 GenialerGandalf the Skirmisher (level 3, -13/36 HPs)
             Began as a Hill Orc Fighter on July 12, 2021.
             Mangled by an ogre (17 damage)
             ... in the Dungeon (Sprint I: "Red Sonja").
             The game lasted 00:00:18 (66 turns).

GenialerGandalf the Skirmisher (Hill Orc Fighter)     Turns: 66, Time: 00:00:18

Health: -13/36     AC:  7    Str: 19    XL:     3   Next: 8%
Magic:  3/3        EV:  7    Int:  8    God:
Gold:   0          SH:  9    Dex: 10    Spells: 2/2 levels left

rFire    . . .     SeeInvis .   a - +0 war axe
rCold    . . .     Faith    .   c - +0 kite shield
rNeg     . . .     Spirit   .   b - +0 scale mail
rPois    .         Reflect  .   (no helmet)
rElec    .         Harm     .   (no cloak)
rCorr    .         Rampage  .   (no gloves)
Will     .....     NoTele   +   (no boots)
Stlth    ..........             (no amulet)
HPRegen  0.12/turn              (no ring)
MPRegen  0.08/turn              (no ring)

@: no status effects
A: no striking features
a: no special abilities


You were in the Dungeon.
You visited 1 branch

Inventory:

Hand Weapons
 a - a +0 war axe (weapon)
Armour
 b - a +0 scale mail (worn)
 c - a +0 kite shield (worn)
Scrolls
 j - a scroll of blinking
Potions
 d - a potion of might
 e - a potion of curing
 f - a potion of heal wounds
 g - a potion of haste
 h - 2 potions of magic
 i - a potion of berserk rage


   Skills:
 + Level 5.2 Fighting
 + Level 3.7 Axes
 + Level 4.8 Armour
 + Level 4.7 Shields


You had 2 spell levels left.
You didn't know any spells.
Your spell library was empty.

Dungeon Overview and Level Annotations

Branches:
Dungeon (1/1)

Altars:


Message History

Ijyb screams, "Me very upset!"
You block Ijyb's attack.
You slash Ijyb!
Ijyb is almost dead.
Ijyb hits you but does no damage. You block Ijyb's attack.
You hit Ijyb.
You kill Ijyb!
Your Fighting skill gained 2 levels and is now at level 5!
Your Axes skill increases to level 3!
Your Armour skill increases to level 4!
Your Shields skill increases to level 4!
You have reached level 2!
You have reached level 3!
Your experience leads to an increase in your attributes!
Increase (S)trength, (I)ntelligence, or (D)exterity?
You feel stronger.
Things that are here:
a +0 club; a +0 leather armour You start resting.
HP restored.
As you open the door, it creaks loudly!
An ogre comes into view. It is wielding a +0 giant club.
The ogre shouts!
The ogre hits you with a +0 giant club!
There is an open door, spattered with blood here.
You hit the ogre.
The ogre is moderately wounded.
The ogre hits you with a +0 giant club!!
Ouch! That really hurt!
* * * LOW HITPOINT WARNING * * *
You hit the ogre but do no damage.
The ogre is moderately wounded.
The ogre hits you with a +0 giant club.
* * * LOW HITPOINT WARNING * * *
Your shield prevents you from hitting the ogre.
The ogre is moderately wounded.
The ogre closely misses you.
You slash the ogre!
The ogre is heavily wounded.
The ogre hits you with a +0 giant club!
You die...

##########
#<.#..@O.#
#..').#..+
#..#####+#
#..# #..#
#..# #⌠⌠#
####


You could see an ogre.

Vanquished Creatures
  Ijyb (D)
1 creature vanquished.

Notes
Turn   | Place    | Note
-------+----------+-------------------------------------------
     0 | D        | GenialerGandalf the Hill Orc Fighter began the quest for
                  | the Orb.
     0 | D        | Reached XP level 1. HP: 19/19 MP: 1/1
     2 | D        | Noticed Ijyb
    10 | D        | Killed Ijyb
    11 | D        | Reached skill level 5 in Fighting
    11 | D        | Reached XP level 2. HP: 24/29 MP: 2/2
    11 | D        | Reached XP level 3. HP: 30/36 MP: 3/3
    61 | D        | Noticed an ogre
    66 | D        | Mangled by an ogre

Illustrated notes

Levels and vault maps discovered:
D:        dungeon_sprint_1 [red_sonja_temple_1, red_sonja_temple_small_1]

Skill      XL: |  1 |
---------------+----+-----
Fighting       | 5 |  5.2
Axes           | 3 |  3.7
Armour         | 4 |  4.8
Shields        | 4 |  4.7

Action                   || total
-------------------------++-------
Melee: War axe           ||    11
Armor: Scale mail        ||     3
Dodge: Dodged            ||     2
Block: Kite shield       ||     4

Table legend: (Time is in decaauts)
 A = Elapsed time spent in this place.
 B = Non-inter-level travel time spent in this place.
 C = Inter-level travel time spent in this place.
 D = Time resting spent in this place.
 E = Time spent auto-exploring this place.
 F = Levels seen in this place.
 G = Mean time per level.
                   A        B        C        D        E       F      G
               +--------+--------+--------+--------+--------+-----+--------+
         Total |     71 |     71 |      0 |     47 |      0 |   1 |   71.0 |
       Dungeon |     71 |     71 |      0 |     47 |      0 |   1 |   71.0 |
               +--------+--------+--------+--------+--------+-----+--------+

Top non-repeatable levels by time:
       D: 71 daAuts
